 Dungeon Crawl Stone Soup version 0.29.1-15-g9cfb28693d (webtiles) character file.

Game seed: 11452031392285784335

590 BeingJoeMalik the Cleaver (level 7, -1/40 HPs)
             Began as a Tengu Gladiator on Apr 8, 2023.
             Splashed by a jelly's acid (10 damage)
             ... on level 5 of the Dungeon on Apr 13, 2023.
             The game lasted 00:08:58 (5750 turns).

BeingJoeMalik the Cleaver (Tengu Gladiator)         Turns: 5750, Time: 00:08:58

Health: -1/40      AC: -5    Str: 15    XL:     7   Next: 38%
Magic:  8/8        EV: 16    Int:  8    God:
Gold:   247        SH:  0    Dex: 23    Spells: 6/6 levels left

rFire   + . .      SeeInvis .   a - +0 war axe
rCold   . . .      Faith    .   (no shield)
rNeg    . . .      Spirit   .   b - +0 leather armour
rPois   .          Reflect  .   c - +0 hat
rElec   .          Harm     .   (no cloak)
rCorr   .          Rampage  .   (no gloves)
Will    .....                   (boots unavailable)
Stlth   ++........              (no amulet)
HPRegen 0.13/turn               f - ring of protection from fire
MPRegen 0.11/turn               l - +6 ring of dexterity

@: corroded, flying quickly and evasively, quick
A: beak, talons 3, nimble flight
a: no special abilities


You were on level 5 of the Dungeon.
You visited 1 branch of the dungeon, and saw 5 of its levels.

You collected 307 gold pieces.
You spent 60 gold pieces at shops.

Inventory:

Hand Weapons
 a - a +0 war axe (weapon)
Missiles
 d - 3 throwing nets
 e - a javelin
 i - 5 poisoned darts (quivered)
 m - 7 curare-tipped darts
Armour
 b - a +0 leather armour (worn)
 c - a +0 hat (worn)
Jewellery
 f - a ring of protection from fire (left hand)
 l - a +6 ring of dexterity (right hand)
Scrolls
 k - a scroll of teleportation
 t - 2 scrolls of immolation
Potions
 g - 3 potions of heal wounds
 h - 2 potions of ambrosia
 n - a potion of lignification {unknown}
 o - 2 potions of flight
 q - a potion of magic {unknown}
 r - a potion of attraction {unknown}
 s - a potion of haste {unknown}
 u - a potion of resistance {unknown}


   Skills:
 - Level 2.0 Fighting
 + Level 9.1 Axes
 - Level 2.0 Throwing
 - Level 3.2 Dodging


You had 6 spell levels left.
You didn't know any spells.
Your spell library was empty.

Dungeon Overview and Level Annotations

Branches:
Dungeon (5/15)
 Temple: D:4-7

Altars:
Ashenzari
Sif Muna
Wu Jian
The Shining One

Shops:
D:5 [*(


Innate Abilities, Weirdness & Mutations

You have a beak for a mouth.
You have claws for feet.
Your magical nature lets you fly swiftly and evasively.


Message History

You now have 247 gold pieces (gained 15).
An ogre comes into view. It is wielding a +0 giant club.
The ogre shouts!
You hear a shout!
Throw: 6 darts (poison)
Press: ? - help, Q - select action, (/) - cycle Shift-Dir - straight line, f - ogre
Aim: an ogre, wielding a +0 giant club (78% to hit)
You throw a poisoned dart. The poisoned dart hits the ogre.
The ogre is poisoned.
You slash the ogre! Your kick misses the ogre. You peck the ogre.
The ogre is severely wounded.
The ogre barely misses you.
A jelly comes into view.
The jelly quivers.
You slash the ogre! You claw the ogre.
You kill the ogre!
An orc comes into view. It is wielding a +0 whip.
Your Axes skill increases to level 9!
Throw: 5 darts (poison)
Press: ? - help, Q - select action, (/) - cycle Shift-Dir - straight line, f - jelly
Aim: a jelly (91% to hit)
Okay, then.
Unknown command.
You hit the jelly.
Your hands burn!
You claw the jelly!
The jelly is severely wounded.
The jelly hits you but does no damage.
You barely miss the jelly.
The jelly is severely wounded.
You hit the orc but do no damage. The orc misses you. The jelly misses you.
You hit the jelly but do no damage.
Your hands burn!
You peck the jelly.
The jelly is almost dead.
You hit the orc. The orc closely misses you. The jelly hits you.
The acid corrodes you!
You are splashed with acid!
You hit the jelly.
Your hands burn!
You claw the jelly, but do no damage.
The jelly is almost dead.
You hit the orc but do no damage. The orc hits you with a +0 whip.
* * * LOW HITPOINT WARNING * * *
The jelly hits you.
* * * LOW HITPOINT WARNING * * *
The acid corrodes you!
You are splashed with acid!
You die...

...# #....##. ..
#....... . ##......#
........## .........#
#..# .........##
#..## ..........##
#...# #..J@...##
#####...#
###o.....####.......#
##.................
#......##.........
#.....####........
#.....# ##.......
#...### #...##.#
#..#. ##.##### #.#
###


You could see a jelly and an orc.

Vanquished Creatures
  Sigmund (D:2)
  An ogre (D:5)
  2 hounds (D:5)
  An orc priest (D:4)
  Terence (D:2)
  2 orc wizards (D:4)
  Robin (D:2)
  3 gnolls (D:2)
  6 adders
  An ufetubus (D:5)
  2 worms
  2 dart slugs
  6 orcs
  10 ball pythons
  4 bats
  3 endoplasms
  3 giant cockroaches (D:1)
  8 goblins
  14 hobgoblins
  5 kobolds
  A quokka (D:3)
  6 frilled lizards
  4 rats
87 creatures vanquished.

Notes
Turn   | Place    | Note
-------+----------+-------------------------------------------
     0 | D:1      | BeingJoeMalik the Tengu Gladiator began the quest for the
                  | Orb.
     0 | D:1      | Reached XP level 1. HP: 12/12 MP: 2/2
   339 | D:1      | Reached XP level 2. HP: 17/17 MP: 3/3
   405 | D:1      | Reached skill level 4 in Axes
   968 | D:2      | Reached XP level 3. HP: 21/21 MP: 4/4
  1004 | D:2      | Noticed Terence
  1380 | D:3      | Reached skill level 5 in Axes
  1658 | D:3      | Reached XP level 4. HP: 26/26 MP: 5/5
  1764 | D:3      | Found a broken altar of Ashenzari.
  2237 | D:3      | Found an ornate altar of the Wu Jian Council.
  2635 | D:2      | Reached skill level 6 in Axes
  2635 | D:2      | Gained mutation: Your magical nature lets you fly swiftly
                  | and evasively. [Tengu growth]
  2635 | D:2      | Reached XP level 5. HP: 30/30 MP: 6/6
  2866 | D:2      | Noticed Sigmund
  2887 | D:2      | Killed Sigmund
  2888 | D:2      | Reached skill level 7 in Axes
  2888 | D:2      | Reached XP level 6. HP: 15/35 MP: 7/7
  3080 | D:2      | Noticed Robin
  3373 | D:2      | Killed Robin
  3434 | D:2      | Found a glowing golden altar of the Shining One.
  3449 | D:2      | Killed Terence
  4580 | D:4      | Found a shimmering blue altar of Sif Muna.
  4603 | D:4      | Reached skill level 8 in Axes
  5133 | D:4      | Reached XP level 7. HP: 36/40 MP: 8/8
  5485 | D:5      | Entered Level 5 of the Dungeon
  5487 | D:5      | Found Ocygroim's Weapon Emporium.
  5565 | D:5      | Found Muec's Antique Armour Shop.
  5591 | D:5      | Found Buhirch's General Store.
  5600 | D:5      | Bought a potion of heal wounds for 60 gold pieces
  5742 | D:5      | Reached skill level 9 in Axes
  5750 | D:5      | Splashed by a jelly's acid

Illustrated notes

Levels and vault maps discovered:
D:1:      matt_arrival_spirals, layout_rooms, minmay_tromino_v7
D:2:      layout_loops_corners, basic_altar, grunt_ministairs_3, uniq_robin,
          uniq_terence, uniq_sigmund
D:3:      layout_basic, nicolae_wu_jian_immortal_techniques,
          mainiacjoe_overflow_24_doors
D:4:      layout_loops_corners, nicolae_sif_muna_condensation,
          corexii_hall_statues_l
D:5:      corexii_shantytown, layout_layer_cave, serial_shops,
          nicolae_lakefront_shop, shop, shop, nicolae_shop_behind_doors

Skill      XL: |  1  2  3  4  5  6  7 |
---------------+----------------------+-----
Axes           | 4 5 6 7 8 9 |  9.1
Fighting       | |  2.0
Throwing       | |  2.0
Dodging        | |  3.2

Action                   |  1- 3 |  4- 6 |  7- 9 || total
-------------------------+-------+-------+-------++-------
Melee: War axe           |    59 |   101 |    15 ||   175
       Kick              |    17 |    21 |     6 ||    44
       Peck              |     9 |    13 |     3 ||    25
       Punch             |       |     1 |       ||     1
Throw: Dart              |       |     9 |     1 ||    10
  Use: Scroll            |     2 |     6 |     1 ||     9
       Potion            |       |     1 |       ||     1
 Stab: Sleeping          |     3 |     4 |       ||     7
Armor: Leather armour    |     9 |    10 |     5 ||    24
Dodge: Dodged            |    50 |    72 |    16 ||   138
